 Dungeon Crawl Stone Soup version 0.30.0-29-ga12c61a403 (webtiles) character file.

Game seed: 15706467487709125351

61 Fodor the Covered (level 3, -2/33 HPs)
             Began as a Minotaur Fighter on June 6, 2023.
             Killed from afar by Natasha (3 damage)
             ... with a magic dart
             ... on level 2 of the Dungeon.
             The game lasted 00:05:51 (1025 turns).

Fodor the Covered (Minotaur Fighter)                Turns: 1025, Time: 00:05:54

Health: -2/33      AC:  8    Str: 20    XL:     3   Next: 83%
Magic:  2/2        EV:  9    Int:  5    God:
Gold:   97         SH:  5    Dex: 14    Spells: 2/2 levels left

rFire   . . .        g - +4 rapier
rCold   . . .        c - +0 buckler
rNeg    . . .        b - +0 scale mail
rPois   .            (helmet restricted)
rElec   .            (no cloak)
rCorr   .            m - +0 pair of gloves {Dex+3}
SInv    .            (no boots)
Will    +....        (no amulet) Stlth
                     h - ring of willpower
HPRegen 0.25/turn    (no ring)
MPRegen 0.08/turn

%: no passive effects
@: no status effects
A: horns 2, retaliatory headbutt
a: no special abilities


You were on level 2 of the Dungeon.
You visited 1 branch of the dungeon, and saw 2 of its levels.

You collected 97 gold pieces.

Inventory:

Hand Weapons
 g - a +4 rapier (weapon)
Missiles
 e - 5 poisoned darts (quivered)
 i - 11 stones
Armour
 b - a +0 scale mail (worn)
 c - a +0 buckler (worn)
 m - a +0 pair of gloves of dexterity (worn)
Jewellery
 h - a ring of willpower (left hand)
Scrolls
 a - a scroll of poison {unknown}
 k - a scroll of identify {unknown}
 l - a scroll of enchant armour {unknown}
Potions
 d - a potion of might
 f - a potion of curing {unknown}
 j - a potion of attraction {unknown}


   Skills:
 + Level 4.1 Fighting
 + Level 1.5(2.4) Short Blades
 + Level 3.0(3.3) Long Blades
 + Level 0.1 Throwing
 + Level 4.1 Armour
 + Level 0.1 Dodging
 + Level 4.1 Shields


You had 2 spell levels left.
You didn't know any spells.
Your spell library was empty.

Dungeon Overview and Level Annotations

Branches:
Dungeon (2/15)

Altars:

Annotations:
D:2 Natasha


Innate Abilities, Weirdness & Mutations

You have a pair of horns on your head.
You reflexively headbutt those who attack you in melee.


Message History

You continue putting on your +0 pair of gloves of dexterity.
Natasha howls an incantation.
You feel disoriented. Natasha claws you.
You continue putting on your +0 pair of gloves of dexterity.
Natasha howls an incantation.
You feel disoriented. Natasha claws you.
You finish putting on your +0 pair of gloves of dexterity.
You feel agile.
You hit Natasha.
Natasha is moderately wounded.
Natasha claws you!
An endoplasm comes into view.
You barely miss Natasha.
The endoplasm quivers.
Your headbutt misses Natasha.
Natasha is moderately wounded.
Natasha claws you.
You hit Natasha but do no damage.
Natasha is moderately wounded.
Natasha claws you but does no damage. Natasha claws you.
* * * LOW HITPOINT WARNING * * *
You closely miss Natasha.
Natasha is moderately wounded.
Natasha mumbles some strange words.
You puncture Natasha!
Natasha is almost dead.
The endoplasm freezes you.
You are frozen.
* * * LOW HITPOINT WARNING * * *
Natasha claws you but does no damage.
You completely miss Natasha.
Natasha is almost dead.
The endoplasm hits you but does no damage.
The cerulean imp hits you from afar with a +2 spear.
* * * LOW HITPOINT WARNING * * *
Natasha stares at you and mumbles some strange words.
The magic dart hits you.
You die...

# ####.....†....
#.#####.....#.......
.....##.##.##.......
#.....#....##.......
#........####.......
#.#....>.# #.......
#.###.## #....... #J#
#.############ . #@#
#.............
....###h########.....###
....'...5......'......#
....###.########........
.. ...< #......## ####..
#......# ... #......#
.### #......# .#
#......#


You could see Natasha, a cerulean imp (summoned) and an endoplasm.

Vanquished Creatures
  Natasha (D:2)
  An adder (D:2)
  A worm (D:2)
  3 ball pythons (D:1)
  2 endoplasms (D:1)
  2 hobgoblins (D:1)
  2 kobolds
  3 quokkas
  2 bats (D:1)
  A frilled lizard (D:1)
  3 goblins (D:1)
  3 rats (D:1)
24 creatures vanquished.

Notes
Turn   | Place    | Note
-------+----------+-------------------------------------------
     0 | D:1      | Fodor the Minotaur Fighter began the quest for the Orb.
     0 | D:1      | Reached XP level 1. HP: 19/19 MP: 0/0
   196 | D:1      | Reached XP level 2. HP: 27/27 MP: 1/1
   844 | D:2      | Reached XP level 3. HP: 11/33 MP: 2/2
   848 | D:2      | Reached skill level 1 in Short Blades
   972 | D:2      | Noticed Natasha
   976 | D:2      | Killed Natasha
  1011 | D:2      | Noticed Natasha
  1025 | D:2      | HP: 1/33 [cerulean imp/+2 spear[Natasha] (2)]
  1025 | D:2      | Killed from afar by Natasha

Illustrated notes

Levels and vault maps discovered:
D:1:      dpeg_arrival_court, layout_rooms, serial_bayou, serial_bayou_pond_c,
          serial_bayou_lagoon_a, serial_bayou_pond_a, serial_bayou_lagoon_b,
          serial_bayou_shore_a, roderic_roman_lattice, minmay_misc_feat_columns,
          grunt_decor_one_mirror, item_on_display_a
D:2:      layout_basic, uniq_natasha

Skill      XL: |  1  2  3 |
---------------+----------+-----
Fighting       | 4 |  4.1
Shields        | 4 |  4.1
Armour         | 4 |  4.1
Short Blades   | 1 |  1.5
Long Blades    | 3 |  3.0
Throwing       | |  0.1
Dodging        | |  0.1

Action                     || total
---------------------------++-------
  Melee: Long sword        ||    14
         Rapier            ||    55
         Headbutt          ||     9
  Throw: Dart              ||     6
 Armour: Scale mail        ||    21
  Dodge: Dodged            ||    33
  Block: Buckler           ||    10
